AoeStats
← Red Calypso

Arabia

507525759Analyzed
3v3 RM · 14d ago on Sep 18, 2026· 52m 1s· 6 players
Game mode
Random Map
Map size
Normal (6 player)
Population
200
Speed
Normal
Resources
Standard
Victory
Conquest
Starting age
Dark Age
Ending age
Imperial Age
RankedLock teamsTeams togetherTeam positionsShared explorationLock speedFull tech treeHidden civsTurbo modeCheats
Victory
Defeat
🇵🇱 Magyars · Poland
1333
+17
🇨🇿 Maya · Czechia
1289
+19
🇬🇧 Portuguese · United Kingdom
1279
+19
🇦🇹 Ethiopians · Austria
1432
-21
🇩🇪 Persians · Germany
1385
-20
🇩🇪 Britons · Germany
1244
-14
Red Calypso
6:45 Loom
9:57 Feudal Age
10:01 Man-at-Arms
15:59 Fletching
21:08 Padded Archer Armor
26:55 Castle Age
24:57 Gold Mining
25:49 Double-Bit Axe
27:34 Bodkin Arrow
27:02 Crossbowman
31:21 Leather Archer Armor
31:56 Leather Archer Armor
34:50 Imperial Age
33:41 Ballistics
33:44 Thumb Ring
35:30 Bracer
36:40 Chemistry
40:03 Ring Archer Armor
41:37 Arbalester
43:35 Wheelbarrow
50:43 Town Watch
52:13 Bow Saw
Secret_jed
6:56 Loom
9:10 Feudal Age
12:52 Fletching
20:55 Padded Archer Armor
37:10 Double-Bit Axe
43:10 Castle Age
41:47 Gold Mining
44:50 Bow Saw
45:19 Wheelbarrow
44:26 Horse Collar
50:48 Bodkin Arrow
Solix0x
6:51 Loom
9:14 Feudal Age
9:39 Double-Bit Axe
9:46 Horse Collar
19:13 Wheelbarrow
23:31 Castle Age
22:17 Scale Barding Armor
22:22 Forging
22:47 Gold Mining
23:53 Bloodlines
24:30 Bow Saw
24:55 Chain Barding Armor
36:18 Heavy Plow
40:04 Gold Shaft Mining
40:24 Husbandry
43:47 Town Watch
47:01 Imperial Age
46:41 Cavalier
47:47 Conscription
48:09 Plate Barding Armor
50:09 Savar
50:36 Light Cavalry
51:10 Fletching
51:20 Padded Archer Armor
51:24 Hussar
somaster94
6:08 Loom
9:34 Feudal Age
10:18 Double-Bit Axe
11:29 Town Watch
14:43 Fletching
15:25 Horse Collar
20:54 Padded Archer Armor
22:25 Wheelbarrow
26:55 Castle Age
25:27 Gold Mining
26:56 Crossbowman
27:32 Bodkin Arrow
27:53 Bow Saw
32:21 Ballistics
33:21 Leather Archer Armor
34:10 Thumb Ring
35:38 Hand Cart
38:11 Imperial Age
37:26 Heavy Plow
37:43 Leather Archer Armor
38:39 Arbalester
39:45 Bracer
40:55 Two-Man Saw
41:25 Chemistry
43:16 Ring Archer Armor
43:49 Stone Mining
48:34 Conscription
48:56 Pikeman
49:27 Halberdier
50:54 Fortified Wall
50:49 Siege Engineers
50:39 Murder Holes
50:55 Masonry
52:16 Arquebus
pavifa
0:28 Loom
11:40 Feudal Age
14:20 Gold Mining
17:22 Double-Bit Axe
19:16 Fletching
20:00 Padded Archer Armor
26:37 Wheelbarrow
29:50 Castle Age
30:04 Crossbowman
30:51 Thumb Ring
30:44 Bodkin Arrow
31:05 Leather Archer Armor
31:48 Hand Cart
31:35 Elite Skirmisher
33:56 Ballistics
35:51 Town Watch
36:24 Horse Collar
36:56 Bow Saw
41:51 Imperial Age
41:04 Masonry
41:42 Hul'che Javelineers
41:51 Arbalester
42:38 Bracer
43:02 Conscription
42:49 Heavy Plow
43:50 Ring Archer Armor
43:56 Town Patrol
47:09 Capped Ram
47:51 Siege Ram
51:09 Chemistry
GoodFunHaveLuck
7:35 Loom
9:23 Feudal Age
10:19 Double-Bit Axe
20:39 Castle Age
19:32 Bloodlines
20:52 Light Cavalry
23:36 Scale Barding Armor
24:16 Husbandry
30:42 Chain Barding Armor
42:39 Imperial Age
40:58 Corvinian Army
42:16 Horse Collar
42:48 Bow Saw
43:30 Ballistics
43:15 Elite Magyar Huszar
45:19 Heavy Plow
46:12 Plate Barding Armor
47:35 Conscription
49:31 Crop Rotation
51:16 Two-Man Saw
Connection lost

Rejoining the realm…

Still unreachable

The connection could not be restored.

Session expired

The server has moved on; the page needs a fresh start.